AoeStats
← Adrianca019

Black Forest

508121976Analyzed
4v4 RM · 12d ago on Sep 21, 2026· 31m 51s· 8 players
Game mode
Random Map
Map size
Large (8 player)
Population
200
Speed
Normal
Resources
Standard
Victory
Conquest
Starting age
Dark Age
Ending age
Imperial Age
RankedLock teamsTeams togetherTeam positionsShared explorationLock speedFull tech treeHidden civsTurbo modeCheats
Victory
Defeat
🇨🇴 Burgundians · Colombia
898
+15
🇨🇴 Khmer · Colombia
861
+16
🇺🇸 Bohemians · United States
838
+17
🇨🇦 Sicilians · Canada
836
+17
🇨🇳 Byzantines · China
919
-18
🇷🇺 Maya · Russia
913
-18
🇵🇪 Hindustanis · Peru
827
-15
🇦🇷 Mongols · Argentina
813
-14
juanthestone
0:27 Loom
12:21 Double-Bit Axe
16:32 Feudal Age
22:21 Castle Age
22:25 Scale Barding Armor
22:36 Bow Saw
23:33 Chain Barding Armor
23:18 Husbandry
24:24 Wheelbarrow
25:24 Hand Cart
26:10 Gold Mining
28:06 Cavalier
VodkAlejo
1:20 Loom
13:31 Feudal Age
14:19 Double-Bit Axe
14:23 Horse Collar
18:48 Castle Age
19:52 Heavy Plow
20:08 Bow Saw
30:55 Imperial Age
30:01 Wheelbarrow
32:01 Imperial Age
29:26 Gold Mining
29:29 Stone Mining
32:51 Wheelbarrow
Paul George
11:52 Feudal Age
17:36 Castle Age
17:06 Double-Bit Axe
17:03 Horse Collar
26:28 Chemistry
27:52 Caravan
33:43 Imperial Age
32:33 Wheelbarrow
sensticks
0:49 Loom
14:14 Feudal Age
15:20 Double-Bit Axe
21:53 Horse Collar
23:18 Fletching
28:58 Castle Age
29:41 Bodkin Arrow
30:49 Arson
31:34 Bow Saw
32:10 Scale Mail Armor
32:21 Forging
Mko
3:57 Loom
17:31 Feudal Age
18:50 Wheelbarrow
18:04 Double-Bit Axe
18:22 Town Watch
18:29 Horse Collar
20:09 Gold Mining
20:12 Stone Mining
24:28 Castle Age
23:02 Fletching
23:12 Padded Archer Armor
23:22 Forging
23:50 Forging
25:40 Hand Cart
27:45 Heavy Plow
30:45 Treadmill Crane
31:15 Fortified Wall
marshall_o18
0:44 Loom
15:17 Feudal Age
19:50 Castle Age
20:42 Double-Bit Axe
待有时
10:45 Feudal Age
14:02 Loom
16:48 Castle Age
15:13 Double-Bit Axe
15:09 Horse Collar
18:40 Bow Saw
18:30 Heavy Plow
25:19 Wheelbarrow
24:40 Gold Mining
24:40 Stone Mining
24:58 Stone Mining
26:04 Gold Shaft Mining
27:10 Hand Cart
27:37 Stone Shaft Mining
31:21 Imperial Age
29:16 Caravan
29:46 Coinage
Adrianca019
6:38 Loom
13:21 Feudal Age
14:07 Double-Bit Axe
14:29 Horse Collar
17:15 Stone Mining
20:28 Castle Age
18:26 Gold Mining
20:13 Scale Barding Armor
21:36 Bow Saw
22:16 Stone Shaft Mining
22:53 Heavy Plow
30:17 Gold Shaft Mining
30:21 Ballistics
30:24 Chain Barding Armor
Connection lost

Rejoining the realm…

Still unreachable

The connection could not be restored.

Session expired

The server has moved on; the page needs a fresh start.